 Dungeon Crawl Stone Soup version 0.22-a0-75-g1fede22 (webtiles) character file.

517 shenanigans the Skirmisher (level 7, -2/56 HPs)
             Began as a Barachi Monk on Jan 12, 2018.
             Slain by a hound (3 damage)
             ... on level 5 of the Dungeon.
             The game lasted 00:12:01 (5226 turns).

shenanigans the Skirmisher (Barachi Monk)           Turns: 5226, Time: 00:12:02

Health: -2/56      AC:  6    Str: 17    XL:     7   Next: 20%
Magic:  7/7        EV: 13    Int: 12    God:
Gold:   270        SH:  0    Dex: 15    Spells: 6/6 levels left

rFire    . . .     SeeInvis .   a - +0 hand axe
rCold    . . .     Gourm    .   (no shield)
rNeg     . . .     Faith    .   j - +0 ring mail
rPois    .         Spirit   .   (no helmet)
rElec    .         Reflect  .   (no cloak)
rCorr    .         Harm     .   (no gloves)
MR       .....                  w - +0 pair of boots
Stlth    +++.......             (no amulet)
HPRegen  0.18/turn              d - +5 ring of strength
MPRegen  0.10/turn              q - ring of stealth

@: marked, can't hop, very slightly contaminated, invisible, slow
A: +LOS, swims, slowness 1, strong legs 1
a: Hop


You were on level 5 of the Dungeon.
You were hungry.

You visited 1 branch of the dungeon, and saw 5 of its levels.

You collected 270 gold pieces.

Inventory:

Hand Weapons
 a - a +0 hand axe (weapon)
Armour
 b - a +0 robe
 j - a +0 ring mail (worn)
 w - a +0 pair of boots (worn)
Jewellery
 d - a +5 ring of strength (left hand)
 i - an uncursed ring of protection from fire
 q - a ring of stealth (right hand)
Wands
 k - a wand of polymorph (14)
 x - a wand of iceblast (2)
Scrolls
 e - 4 scrolls of enchant weapon {unknown}
 h - a scroll of identify
 m - 3 scrolls of teleportation {unknown}
 r - 2 scrolls of remove curse {unknown}
 s - a scroll of blinking {unknown}
 v - a scroll of fog {unknown}
Potions
 f - 2 potions of magic
 g - a potion of curing
 n - a potion of haste {unknown}
 o - a potion of lignification {unknown}
 t - a potion of heal wounds {unknown}
 u - a potion of flight {unknown}
Books
 p - a book of the Sky

   Spells                             Type                      Level
   a - Summon Lightning Spire         Summoning/Air                4
   b - Silence                        Hexes/Air                    5
   c - Deflect Missiles               Charms/Air                   6
   d - Conjure Ball Lightning         Conjuration/Air              6
   e - Tornado                        Air                          9
Comestibles
 c - 5 rations


   Skills:
 + Level 5.4 Fighting
 + Level 4.8 Axes
 + Level 3.6 Armour
 + Level 4.8 Dodging
 + Level 3.6 Stealth


You had 6 spell levels left.
You didn't know any spells.

Dungeon Overview and Level Annotations

Branches:
Dungeon (5/15)
 Temple: D:4-7

Altars:
Cheibriados
Nemelex Xobeh
Sif Muna
Xom

Annotations:
D:3 Alex's ghost, amateur MiFi


Innate Abilities, Weirdness & Mutations

Shadows flee at your approach. (+LOS)
You can swim through water.
You cover ground slowly.
You can hop short distances.


Message History

You strike the helpless orc from behind!
You hit the orc but do no damage.
The orc is almost dead.
You barely miss the hound. The hound bites you but does no damage.
The orc closely misses you.
The centaur shoots an arrow.
The arrow misses you. The hound bites you.
* * * LOW HITPOINT WARNING * * *
You hit the hound.
The hound is severely wounded.
You hit the orc but do no damage. The orc hits you but does no damage.
The hound barely misses you.
The centaur shoots an arrow.
The arrow hits you!
* * * LOW HITPOINT WARNING * * *
A leopard gecko comes into view.
Unknown command.
You completely miss the hound.
The hound is severely wounded.
You hit the orc.
You kill the orc!
The hound bites you.
You die...

...# #..........#
##....
...###....l....#
#..... #..
##c......## #.....
#..#.........#
#.....
#.#...........#.....
#.%.........#.......
###.........####....
#)h.......# #.....
#@.......## #.....
#)#......# ##.....
#.######.###......
... #.......... ...
#####...... .....
#######......
.....>..........<..
#...##########......
##..# #......


You could see a centaur, a hound and a leopard gecko.

Vanquished Creatures
  Blork the orc (D:4)
  A bullfrog skeleton (D:4)
  An orc priest (D:4)
  Ijyb (D:3)
  Natasha (twice) (D:2)
  An orc wizard (D:4)
  3 worker ants (D:4)
  4 adders
  A gnoll (D:2)
  A river rat (D:3)
  2 adder skeletons (D:4)
  3 worms (D:3)
  11 dart slugs
  4 leopard geckos
  9 orcs
  2 ball pythons
  3 giant cockroaches
  7 goblins
  11 hobgoblins
  5 jackals
  9 kobolds
  4 quokkas
  5 bats
  2 frilled lizards (D:1)
  A jackal skeleton (D:4)
  A quokka skeleton (D:3)
  7 rats
102 creatures vanquished.

Vanquished Creatures (others)
  An ogre (D:5)
1 creature vanquished.

Grand Total: 103 creatures vanquished

Notes
Turn   | Place    | Note
-------+----------+-------------------------------------------
     0 | D:1      | shenanigans the Barachi Monk began the quest for the Orb.
     0 | D:1      | Reached XP level 1. HP: 18/18 MP: 1/1
   570 | D:1      | Reached XP level 2. HP: 23/25 MP: 2/2
   632 | D:1      | Reached skill level 1 in Armour
   908 | D:1      | Reached XP level 3. HP: 15/30 MP: 3/3
  1098 | D:1      | Reached skill level 4 in Fighting
  1413 | D:2      | Found a sparkling altar of Nemelex Xobeh.
  1710 | D:2      | Reached XP level 4. HP: 32/37 MP: 4/4
  2083 | D:2      | Noticed Natasha
  2099 | D:2      | Killed Natasha
  2111 | D:2      | Noticed Natasha
  2114 | D:2      | Killed Natasha
  2114 | D:2      | Reached XP level 5. HP: 7/43 MP: 5/5
  2498 | D:3      | Noticed Ijyb
  2552 | D:3      | Killed Ijyb
  3621 | D:3      | Noticed Alex's ghost (amateur MiFi)
  3625 | D:3      | Found a shimmering altar of Xom.
  3625 | D:3      | Found a deep blue altar of Sif Muna.
  3629 | D:3      | Found a snail-covered altar of Cheibriados.
  4036 | D:4      | Reached XP level 6. HP: 20/50 MP: 6/6
  4238 | D:4      | Noticed Blork the orc
  4245 | D:4      | Killed Blork the orc
  4245 | D:4      | Reached skill level 5 in Fighting
  4426 | D:4      | Reached XP level 7. HP: 18/56 MP: 7/7
  5171 | D:5      | Entered Level 5 of the Dungeon
  5225 | D:5      | HP: 1/56 [centaur/arrow (9)]
  5226 | D:5      | Slain by a hound

Vault maps used:
D:1:      moated_graveyard_arrival, kennysheep_pointless_box
D:2:      nemelex_xobeh_ov_fountains_minmay, uniq_natasha
D:3:      minitemple, gup_sewer_entry_spiral, mrwooster_statue_mirror, uniq_ijyb
D:4:      kennysheep_slugbush, uniq_blork_the_orc
D:5:      first_ration

Skill      XL: |  1  2  3  4  5  6 |
---------------+-------------------+-----
Stealth        | 2 3 |  3.6
Armour         | 1 2 3 |  3.6
Fighting       | 4 5 |  5.4
Axes           | 4 |  4.8
Dodging        | 4 |  4.8

Action                   |  1- 3 |  4- 6 |  7- 9 || total
-------------------------+-------+-------+-------++-------
Melee: Hand axe          |   142 |   242 |    52 ||   436
       Unarmed           |       |     5 |       ||     5
 Abil: Hop               |       |     1 |     1 ||     2
Evoke: Wand              |       |     5 |       ||     5
  Use: Scroll            |       |     4 |       ||     4
       Potion            |       |     3 |     1 ||     4
 Stab: Distracted        |     1 |       |       ||     1
       Sleeping          |       |     3 |     2 ||     5
       Invisible         |       |       |     1 ||     1
  Eat: Chunk             |     3 |    10 |     2 ||    15
Armor: Robe              |    17 |       |       ||    17
       Ring mail         |    29 |    71 |    20 ||   120
Dodge: Dodged            |   105 |   165 |    48 ||   318

Table legend:
 A = Spawn XP
 B = Non-spawn XP
 C = Spawn XP percentage of total XP
 D = Spawn monster count
 E = Non-spawn monster count
 F = Spawn count percentage of total count
 G = Total turns spent on level
                    A         B        C        D         E        F      G
               +---------+---------+-------+---------+---------+-------+---------
         Total |       0 |     739 |   0.0 |       0 |     103 |   0.0 |  5226
               +---------+---------+-------+---------+---------+-------+---------
           D:1 |       0 |      50 |   0.0 |       0 |      30 |   0.0 |  1360
           D:2 |       0 |     123 |   0.0 |       0 |      15 |   0.0 |  1568
           D:3 |       0 |      92 |   0.0 |       0 |      20 |   0.0 |   944
           D:4 |       0 |     438 |   0.0 |       0 |      35 |   0.0 |  1299
           D:5 |       0 |      36 |   0.0 |       0 |       3 |   0.0 |    55
               +---------+---------+-------+---------+---------+-------+---------
